 Dungeon Crawl Stone Soup version 0.31-a0-232-gb1c03b2570 (webtiles) character file.

Game seed: 14557836760587917166

32 qw the Shooter (level 3, 0/21 HPs)
             Began as a Gargoyle Hexslinger on July 7, 2023.
             Slain by a hobgoblin (4 damage)
             ... led by Robin
             ... on level 2 of the Dungeon.
             The game lasted 00:00:25 (780 turns).

qw the Shooter (Gargoyle Hexslinger)                 Turns: 780, Time: 00:00:26

Health: 0/21       AC:  9    Str: 11    XL:     3   Next: 27%
Magic:  4/4        EV: 12    Int: 13    God:
Gold:   42         SH:  0    Dex: 14    Spells: 3/4 levels left

rFire   . . .        Y - +2 sling
rCold   . . .        (no shield)
rNeg    + . .        c - +0 robe
rPois   inf          (no helmet)
rElec   +            (no cloak)
rCorr   .            (no gloves)
SInv    .            (no boots)
Will    .....        (no amulet)
Stlth   +            d - +4 ring of protection
HPRegen 0.23/turn    (no ring)
MPRegen 0.09/turn

%: no passive effects
@: no status effects
A: sickness immunity, AC +3, negative energy resistance 1, electricity
resistance, torment resistance 1, petrification resistance
a: no special abilities


You were on level 2 of the Dungeon.
You visited 1 branch of the dungeon, and saw 2 of its levels.

You collected 42 gold pieces.


Innate Abilities, Weirdness & Mutations

You are immune to sickness and miasma.
Your stone body is resilient. (AC +3)
You are immune to poison.
You resist negative energy. (rN+)
You are resistant to electric shocks. (rElec)
You are resistant to unholy torment.
You are immune to petrification.


   Skills:
 - Level 2.0 Fighting
 + Level 3.2 Ranged Weapons
 - Level 1.5 Dodging
 - Level 1.0 Spellcasting
 - Level 2.6 Hexes


You had 3 spell levels left.
You knew the following spells:

 Your Spells              Type           Power      Damage    Failure   Level
a - Slow                  Hex            28%        N/A       10%         1

Your spell library contained the following spells:

 Spells                   Type           Power      Damage    Failure   Level
 Inner Flame              Hex/Fire       4%         N/A       43%         3
 Portal Projectile        Hex/Tloc       8%         N/A       43%         3
 Cause Fear               Hex            3%         N/A       67%         4

Inventory:

Hand Weapons
 Y - a +2 sling (weapon)
Armour
 c - a +0 robe (worn)
Jewellery
 d - a +4 ring of protection (left hand)
Scrolls
 a - a scroll of immolation {unknown}
Potions
 g - a potion of curing {unknown}
 h - a potion of degeneration {unknown}
 k - a potion of resistance {unknown}

Dungeon Overview and Level Annotations

Branches:
Dungeon (2/15)

Altars:
Kikubaaqudgha

Annotations:
D:2 Robin


Message History

The hobgoblin barely misses you. The goblin misses you.
Robin says, "Feeling lonely?"
Robin roars a battlecry!
The goblin goes into a battle-frenzy!
The goblin hits you with a +0 dagger.
You shoot a sling bullet. The sling bullet closely misses Robin.
The goblin no longer looks unusually strong.
The hobgoblin barely misses you. The goblin hits you with a +0 dagger.
The goblin hits you but does no damage.
You shoot a sling bullet. The sling bullet barely misses Robin.
Robin closely misses you. The hobgoblin closely misses you.
The goblin hits you but does no damage. The goblin closely misses you.
A jackal comes into view.
The hobgoblin closely misses you. Robin hits you but does no damage.
The goblin closely misses you. The goblin hits you with a +0 dagger.
You shoot a sling bullet. The sling bullet closely misses Robin.
The hobgoblin hits you. The goblin hits you but does no damage.
Robin closely misses you. The goblin misses you.
You shoot a sling bullet. The sling bullet hits Robin.
Robin is severely wounded.
The goblin no longer looks unusually strong.
The hobgoblin hits you but does no damage.
The goblin barely misses you.
Robin roars a battlecry!
The goblins go into a battle-frenzy!
The goblin hits you but does no damage.
You shoot a sling bullet.
The sling bullet hits Robin but does no damage.
Robin is severely wounded.
The hobgoblin no longer looks unusually strong.
The hobgoblin hits you but does no damage.
The goblin closely misses you.
Robin roars a battlecry!
The hobgoblin goes into a battle-frenzy!
The goblin closely misses you.
You shoot a sling bullet. The sling bullet hits Robin.
Robin is almost dead.
The hobgoblin no longer looks unusually strong.
The hobgoblin hits you.
You die...

#... ...#.# #..#^#
#..#8# #..#^# ## #..#.#
.. #....# )#
###(..g#g##.##
#...).@gg....#
##########.####gg^..#..
..........# #h._..#.
#..##....# #........
#.....#.............
...###...########.....#
#........####.........
#####.#...............
...#####.......##


You could see Robin, a jackal, 2 hobgoblins and 3 goblins.

Vanquished Creatures
  2 dart slugs (D:1)
  3 bats (D:1)
  3 endoplasms
  2 hobgoblins
  A quokka (D:1)
  5 ball pythons
  3 frilled lizards
  6 goblins
  A kobold (D:2)
  3 rats
29 creatures vanquished.

Notes
Turn   | Place    | Note
-------+----------+-------------------------------------------
     0 | D:1      | qw the Gargoyle Hexslinger began the quest for the Orb.
     0 | D:1      | Reached XP level 1. HP: 12/12 MP: 2/2
     0 | D:1      | 0 ||| qw: Version: 0.3-a-46-gb1f654a
     0 | D:1      | 0 ||| qw: Game counter: 2194
     0 | D:1      | 0 ||| qw: Melee chars always use a shield: true
     0 | D:1      | 0 ||| qw: God list: Okawaru
     0 | D:1      | 0 ||| qw: Allow faded altars: false
     0 | D:1      | 0 ||| qw: Do Orc after clearing Dungeon:15 true
     0 | D:1      | 0 ||| qw: Do second Lair branch before Depths: true
     0 | D:1      | 0 ||| qw: Lair rune preference: random
     0 | D:1      | 0 ||| qw: Goals: Normal
     0 | D:1      | 0 ||| PLANNING D:1-11
   112 | D:1      | Reached XP level 2. HP: 16/16 MP: 3/3
   352 | D:1      | Reached skill level 3 in Ranged Weapons
   530 | D:1      | Found a faded altar of an unknown god.
   606 | D:1      | Reached XP level 3. HP: 21/21 MP: 4/4
   651 | D:1      | 651 ||| UPGRADING to +4 ring of protection.
   652 | D:1      | 652 ||| READING scroll labelled WAQAIH VUQOGRO.
   653 | D:1      | 653 ||| READING scroll labelled TASTIB KALUSS.
   654 | D:1      | 654 ||| READING scroll labelled CYD ENKAL GAOVVU.
   659 | D:1      | 659 ||| READING scroll labelled SOC SESSYA.
   660 | D:1      | 660 ||| DROPPING scroll of poison.
   753 | D:2      | Found an ancient bone altar of Kikubaaqudgha.
   760 | D:2      | Noticed Robin
   776 | D:2      | HP: 5/21 [goblin/+0 dagger[Robin] (1)]
   780 | D:2      | Slain by a hobgoblin

Levels and vault maps discovered:
D:1:      minmay_arrival_four_houses, layout_basic,
          shapermc_ecumenical_altar_ellora, serial_bayou_crossing
D:2:      layout_rooms, basic_altar, minmay_gold_behind_fungi,
          ebering_dispersal_statue_hall, uniq_robin, uniq_crazy_yiuf_cottage

Skill      XL: |  1  2 |
---------------+-------+-----
Ranged Weapons | 3 |  3.2
Fighting       | 2 |  2.0
Dodging        | |  1.5
Spellcasting   | |  1.0
Hexes          | |  2.6

Action                     || total
---------------------------++-------
   Fire: Sling             ||   115
    Use: Scroll            ||     4
 Armour: Robe              ||    40
  Dodge: Dodged            ||    59

Table legend:
 A = Non-vault XP
 B = Vault XP
 C = Vault XP percentage of total XP
 D = Non-vault monster count
 E = Vault monster count
 F = Vault count percentage of total count
                 A         B        C        D         E       F
            +---------+---------+-------+---------+---------+-------
      Total |      43 |       4 |   8.5 |      27 |       2 |   6.9
            +---------+---------+-------+---------+---------+-------
        D:1 |      35 |       0 |   0.0 |      21 |       0 |   0.0
        D:2 |       8 |       4 |  33.3 |       6 |       2 |  25.0
            +---------+---------+-------+---------+---------+-------
